 Dungeon Crawl Stone Soup version 0.23-a0-305-g7ffd15e (webtiles) character file.

94133 galech the Peltast (level 15, 0/118 HPs)
             Began as a Demonspawn Fighter on Oct 9, 2018.
             Was a High Priest of Okawaru.
             Killed from afar by a storm dragon (21 damage)
             ... with a bolt of lightning
             ... on level 15 of the Dungeon.
             The game lasted 00:51:28 (28338 turns).

galech the Peltast (Demonspawn Fighter)            Turns: 28338, Time: 00:51:29

Health: 0/118      AC: 35    Str: 16    XL:     15   Next: 62%
Magic:  25/27      EV: 10    Int: 10    God:    Okawaru [*****.]
Gold:   2517       SH: 30    Dex: 19    Spells: 14/14 levels left

rFire    + . .     SeeInvis .   G - +4 hand axe (chop)
rCold    . . .     Gourm    .   S - +0 large shield {reflect}
rNeg     . . .     Faith    .   e - +8 plate armour "Hanorifa" {*Corrode MP+9 Stlth+}
rPois    .         Spirit   .   b - +2 hat {MR+}
rElec    .         Reflect  +   R - +2 cloak
rCorr    .         Harm     .   p - +0 pair of gloves
MR       ++...                  N - +2 pair of boots {Stlth+}
Stlth    ++........             a - amulet of the acrobat
HPRegen  0.29/turn              J - ring of protection from fire
MPRegen  0.20/turn              k - +6 ring of slaying

@: heroism
A: talons 2, large bone plates 3, demonic guardian 1, powered by death 1
a: Heroism, Finesse, Renounce Religion


You were on level 15 of the Dungeon.
You worshipped Okawaru.
Okawaru was extremely pleased with you.
You were not hungry.

You visited 4 branches of the dungeon, and saw 24 of its levels.
You also visited: Labyrinth and Sewer.

You collected 2607 gold pieces.
You spent 90 gold pieces at shops.

Inventory:

Hand Weapons
 u - the +6 dagger of Tender Mercy {pain, *Corrode rPois rN++ SInv}
   (You found it in a labyrinth)

   In the hands of one skilled in necromantic magic, it inflicts extra damage on
   living creatures.
   It protects you from poison.
   It greatly protects you from negative energy.
   It lets you see invisible.
   It may corrode you when you take damage.
 G - a +4 hand axe of chopping (weapon)
 I - a +2 broad axe of venom
 T - a +4 scimitar of flaming
 V - a +4 executioner's axe of electrocution
 Y - a +1 war axe of venom
Armour
 b - a +2 hat of magic resistance (worn)
 e - the +8 plate armour "Hanorifa" (worn) {*Corrode MP+9 Stlth+}
   (You found it on level 10 of the Dungeon)

   It affects your magic capacity (+9).
   It may corrode you when you take damage.
   It makes you more stealthy.
 p - a +0 pair of gloves (worn)
 B - the +3 ring mail "Uvviesox" {rN+ Int+2 Dex-3 SInv}
   (You found it on level 5 of the Dungeon)

   It affects your intelligence (+2).
   It affects your dexterity (-3).
   It protects you from negative energy.
   It lets you see invisible.
 N - a +2 pair of boots of stealth (worn)
 Q - a +0 large shield
 R - a +2 cloak (worn)
 S - a +0 large shield of reflection (worn)
 X - the +2 plate armour of the Dwarven Hall {rElec MR+ Str-3}
   (Okawaru gifted it to you on level 15 of the Dungeon)

   It affects your strength (-3).
   It insulates you from electricity.
   It affects your resistance to hostile enchantments.
Jewellery
 a - an amulet of the acrobat (around neck)
 i - an uncursed ring of protection from cold
 j - the amulet "Irisen" {Harm *Drain rN+ Dex+4}
   (You found it on level 5 of the Dungeon)

   [amulet of harm]

   It increases damage dealt and taken.
   It affects your dexterity (+4).
   It protects you from negative energy.
   It causes draining when unequipped.
 k - a +6 ring of slaying (right hand)
 w - an uncursed ring of positive energy {unknown}
 y - an uncursed ring of poison resistance
 J - a ring of protection from fire (left hand)
 L - an uncursed ring of protection from fire
 O - a +2 amulet of reflection
 P - an uncursed ring of magical power
Wands
 F - a wand of acid (9)
 M - a wand of flame (58)
 U - a wand of paralysis (15)
Scrolls
 q - 6 scrolls of teleportation
 v - 3 scrolls of magic mapping
 x - 3 scrolls of amnesia
 z - 2 scrolls of holy word
 A - 4 scrolls of blinking
 D - a scroll of enchant armour
 E - 5 scrolls of remove curse
 H - a scroll of acquirement {unknown}
 K - a scroll of vulnerability {unknown}
 Z - 4 scrolls of fear
Potions
 c - 2 potions of magic {unknown}
 d - 8 potions of might
 g - 2 potions of cancellation {unknown}
 h - 9 potions of agility
 l - 12 potions of curing {unknown}
 m - 2 potions of invisibility
 n - 5 potions of flight {unknown}
 o - 2 potions of brilliance {unknown}
 r - 2 potions of mutation {unknown}
 s - 4 potions of haste {unknown}
 t - 4 potions of heal wounds {unknown}
 C - a potion of lignification {unknown}
Comestibles
 f - 45 rations
 W - 10 chunks of flesh


   Skills:
 + Level 11.1(16.1) Fighting
 + Level 0.1(5.1) Long Blades
 + Level 14.3(19.3) Axes
 + Level 9.9(14.9) Armour
 + Level 4.3(9.3) Dodging
 + Level 3.8(8.8) Stealth
 + Level 15.3(20.3) Shields
 + Level 4.6 Invocations


You had 14 spell levels left.
You didn't know any spells.
Your spell library contained the following spells:

 Spells                   Type           Power        Failure   Level  Hunger
 Confusing Touch          Hex            #.....       100%        1    ##.....
 Freeze                   Ice            #...         100%        1    ##.....
 Magic Dart               Conj           #...         100%        1    ##.....
 Sting                    Conj/Pois      #...         100%        1    ##.....
 Poisonous Vapours        Pois/Air       #.....       100%        2    ###....
 Searing Ray              Conj           #.....       100%        2    ###....
 Throw Frost              Conj/Ice       #.....       100%        2    ###....
 Confuse                  Hex            #.......     100%        3    ####...
 Dazzling Spray           Conj/Hex       #.....       100%        3    ####...
 Gell's Gravitas          Tloc           #.........   100%        3    ####...
 Ignite Poison            Fire/Tmut/Pois #.......     100%        3    ####...
 Mephitic Cloud           Conj/Pois/Air  #.......     100%        3    ####...
 Ozocubu's Armour         Chrm/Ice       #.......     100%        3    ####...
 Force Lance              Conj/Tloc      #.......     100%        4    #####..
 Fulminant Prism          Conj/Hex       #.........   100%        4    #####..
 Iskenderun's Mystic Bla  Conj           #.......     100%        4    #####..
 Olgreb's Toxic Radiance  Pois           #.......     100%        4    #####..
 Petrify                  Tmut/Erth      #.......     100%        4    #####..
 Summon Ice Beast         Ice/Summ       #.......     100%        4    #####..
 Throw Icicle             Conj/Ice       #.......     100%        4    #####..
 Fireball                 Conj/Fire      #.........   100%        5    ######.
 Metabolic Englaciation   Hex/Ice        #.........   100%        5    ######.
 Venom Bolt               Conj/Pois      #.........   100%        5    ######.
 Yara's Violent Unravell  Hex/Tmut       #.........   100%        5    ######.
 Bolt of Fire             Conj/Fire      #.........   100%        6    #######
 Ring of Flames           Chrm/Fire      #.........   100%        7    #######
 Ignition                 Fire           #.........   100%        8    #######


Dungeon Overview and Level Annotations

Branches:
Dungeon (15/15)            Temple (1/1) D:6            Lair (6/6) D:11
 Shoals (0/4) Lair:2       Spider (0/4) Lair:3        Slime (0/5) Lair:5
    Orc (2/2) D:12            Elf (0/3) Orc:2        Vaults (0/5) D:13
 Depths: D:15

Altars:
Ashenzari
Cheibriados
Dithmenos
Elyvilon
Fedhas
Gozag
Kikubaaqudgha
Makhleb
Nemelex Xobeh
Okawaru
Qazlal
Ru
Trog
Uskayaw
Wu Jian
Yredelemnul
Zin
The Shining One

Shops:
D:7 }   D:10 =   D:12 [   D:13 =   Orc:2 :*}:

Portals:
Hell: Lair:6


Innate Abilities, Weirdness & Mutations

You have razor-sharp toenails.
You are completely covered in large bone plates. (SH +8)
A weak demonic guardian rushes to your aid.
You regenerate a little health from kills.


Message History

The storm dragon breathes lightning at you.
The bolt of lightning hits you!
You hear a shout!
W - 10 chunks of flesh (gained 5)
You see here a hippogriff skeleton.
Your white imp barely misses the storm dragon.
Something completely misses your white imp.
Something claws your white imp. Something tramples your white imp.
Your white imp is shoved backwards!
Your white imp closely misses the storm dragon.
A yaktaur captain comes into view. It is wielding a halberd.
There is an open door here.
You gain the combat prowess of a mighty hero.
The yaktaur captain shouts!
You hear an angry buzzing noise.
Your white imp hits the storm dragon but does no damage.
The storm dragon breathes lightning at you.
The bolt of lightning hits you!
* * * LOW HITPOINT WARNING * * *
The bolt of lightning hits you!
You die...

#§(..#.)#((8P..#((#Z#.#
#≈[##..#(.⌠...#'#.#...#
#≈$...('#......#......#
#§$....###.#.####.#.#.#
########≈##.....#'#'######+#+##
##≈≈y≈≈≈≈###'..<.(.....≈# #
#§≈|?$z§§##.#'......##.≈#
##≈(p.....'#.#'.5.÷#..%≈#
#§§5.#5##..'#.#@D5.#...≈#
##≈(...##...'#.##%$(...§#
#≈≈%.###.....'# #D≈≈≈≈≈≈#
##§$.# c..... ≈######## §5§..
...## §################ ##§(..
.. § #.............. ≈§..## . $
#..<...#...#... #.<..#...#...#.
#..<...#...#...


You could see a storm dragon, a yaktaur captain, a friendly white imp and a
friendly ufetubus.

Vanquished Creatures
  Rupert (D:14)
  Kirke (Lair:6)
  3 fire giants (D:15)
  A stone giant (D:15)
  2 dire elephants (Lair:6)
  A minotaur (Lab)
  2 ogre magi
  8 hydras
  4 vault guards (D:13)
  The ghost of namelastname112 the Covert, a journeyman DrAs of Dithmenos (D:10)
  A hell beast (Lair:6)
  A yaktaur captain (D:15)
  A catoblepas (D:15)
  3 centaur warriors (D:15)
  A satyr (shapeshifter) (D:15)
  6 two-headed ogres
  A death knight (D:10)
  A death yak (Lair:6)
  A tengu warrior (D:15)
  A fire crab (shapeshifter) (D:15)
  2 skeletal warriors
  2 deep trolls
  An unseen horror (D:12)
  A wizard (Lair:6)
  A phantasmal warrior (D:15)
  A lindwurm (Lair:6)
  A harpy (D:15)
  An oklob plant (Lair:4)
  An orb spider (shapeshifter) (D:15)
  2 deep elf magi
  3 orc knights
  11 ugly things
  An orc sorcerer (D:12)
  A manticore (D:15)
  2 cyclopes
  A centaur zombie (D:13)
  6 black mambas
  A gargoyle (D:15)
  12 spiny frogs
  A kobold demonologist (D:13)
  An efreet (D:14)
  4 komodo dragons
  2 freezing wraiths (D:10)
  A minotaur zombie (Lab)
  A yaktaur (shapeshifter) (D:15)
  3 rime drakes
  2 ice devils (Lair:6)
  The ghost of bli the Insei, a novice OpTm of Hepliaklqana (D:5)
  3 red devils (Lair:6)
  16 trolls
  A hellwing (Lair:6)
  A hornet (D:15)
  A wolf spider simulacrum (D:15)
  A harpy skeleton (D:14)
  20 blink frogs
  A polar bear (Lair:5)
  2 meliai zombies
  6 slime creatures
  12 hippogriffs
  A shadow (D:11)
  5 wyverns
  24 yaks
  2 wraiths
  7 hogs
  2 basilisks
  A vampire mosquito (D:15)
  A hungry ghost (D:12)
  A soldier ant (D:12)
  2 wargs
  An acid dragon (D:15)
  14 water moccasins
  5 hell hounds (Lair:6)
  2 ice beasts (D:13)
  12 porcupines
  27 orc warriors
  4 sky beasts
  3 necrophages
  5 phantoms
  22 ogres
  6 wolves
  A black bear (D:12)
  19 centaurs
  15 crocodiles
  Blork the orc (D:4)
  A big kobold (D:8)
  14 bullfrogs
  A gnoll sergeant (D:8)
  A wyvern zombie (D:10)
  2 wyvern skeletons
  4 scorpions
  6 wights
  14 killer bees
  A vampire bat (Lair:1)
  4 electric eels
  A howler monkey (D:5)
  A bullfrog zombie (D:8)
  11 crimson imps
  3 quasits
  3 centaur skeletons
  7 hounds
  3 jellies
  20 orc priests
  Crazy Yiuf (D:7)
  17 orc wizards
  A bullfrog skeleton (D:7)
  3 iguanas
  2 hell rats (Lair:5)
  8 worker ants
  A bullfrog simulacrum (D:5)
  A worker ant zombie (D:6)
  5 gnolls (D:8)
  7 adders
  8 river rats
  5 shadow imps
  A white imp (D:5)
  2 adder skeletons
  2 adder zombies
  2 worms
  11 dart slugs
  10 leopard geckos
  77 orcs
  8 giant cockroaches
  13 goblins
  6 hobgoblins
  19 jackals
  8 quokkas
  4 ball pythons
  18 bats
  8 frilled lizards
  A jackal simulacrum (D:5)
  A jackal zombie (D:6)
  12 kobolds
  A leopard gecko simulacrum (D:5)
  A quokka simulacrum (D:5)
  A quokka skeleton (D:5)
  12 rats
  4 fungi
733 creatures vanquished.

Vanquished Creatures (collateral kills)
  An ice dragon (D:15)
  2 two-headed ogres (Orc:2)
  A cyclops (Orc:2)
  A merfolk siren (Lair:2)
  A gargoyle (D:12)
  2 spiny frogs
  A minotaur zombie (Lab)
  5 trolls
  A slime creature (D:11)
  2 blink frogs (Lair:4)
  A hippogriff (D:12)
  Sigmund (D:3)
  A yak (D:9)
  A hog (Lair:6)
  A human (D:10)
  A basilisk (Lair:4)
  2 orc warriors
  2 eyes of draining
  A necrophage (D:6)
  A centaur (D:15)
  A big kobold (Sewer)
  A bullfrog (Lair:3)
  3 killer bees
  2 crimson imps
  A bullfrog zombie (D:2)
  An orc wizard (Orc:2)
  An adder (D:5)
  A river rat (Lair:5)
  3 orcs
  A giant cockroach (D:7)
  A hobgoblin (D:3)
  A jackal (Sewer)
  4 kobolds (Sewer)
  A rat (D:3)
  A plant (Lair:2)
52 creatures vanquished.

Vanquished Creatures (others)
  Nessos (D:12)
  3 centaur warriors (D:15)
  An ogre mage (Orc:2)
  Sonja (Lair:1)
  A water moccasin (D:15)
  6 centaurs
  2 orcs
  9 fungi
  4 plants
  3 toadstools (D:5)
31 creatures vanquished.

Grand Total: 816 creatures vanquished

Notes
Turn   | Place    | Note
-------+----------+-------------------------------------------
     0 | D:1      | galech the Demonspawn Fighter began the quest for the Orb.
     0 | D:1      | Reached XP level 1. HP: 18/18 MP: 1/1
   252 | D:1      | Gained mutation: A weak demonic guardian rushes to your
                  | aid. [demonic ancestry]
   252 | D:1      | Reached XP level 2. HP: 21/24 MP: 2/2
   643 | D:1      | Reached skill level 3 in Shields
   648 | D:1      | Gained mutation: You are partially covered in large bone
                  | plates. (SH +4) [demonic ancestry]
   648 | D:1      | Reached XP level 3. HP: 24/29 MP: 3/3
   955 | D:2      | Found a faded altar of an unknown god.
  1467 | D:2      | You fall through a shaft for 2 floors!
  1475 | D:4      | Gained mutation: You have sharp toenails. [demonic
                  | ancestry]
  1475 | D:4      | Reached XP level 4. HP: 26/35 MP: 4/4
  2316 | D:3      | Found a glowing drain.
  2325 | Sewer    | Entered a sewer
  2332 | Sewer    | Reached XP level 5. HP: 38/41 MP: 5/5
  2478 | Sewer    | Found a white marble altar of Elyvilon.
  2811 | D:3      | Reached skill level 4 in Shields
  3193 | D:2      | Reached skill level 1 in Dodging
  3603 | D:3      | Noticed Sigmund
  3612 | D:3      | Killed Sigmund
  3612 | D:3      | Reached XP level 6. HP: 41/47 MP: 6/6
  4450 | D:4      | Noticed Blork the orc
  4459 | D:4      | Killed Blork the orc
  4771 | D:5      | Entered Level 5 of the Dungeon
  4922 | D:5      | Got a distressingly furry ring mail
  4933 | D:5      | Identified the +3 ring mail "Uvviesox" {rN+ Int+2 Dex-3
                  | SInv} (You found it on level 5 of the Dungeon)
  5029 | D:5      | Reached XP level 7. HP: 52/52 MP: 7/7
  5055 | D:5      | Reached skill level 5 in Shields
  5336 | D:5      | Reached skill level 5 in Axes
  5341 | D:5      | Found a runed gate.
  5341 | D:5      | Found a runed gate.
  5341 | D:5      | Found a runed gate.
  5361 | D:5      | Noticed bli's ghost (novice OpTm)
  5372 | D:5      | Got a coiled platinum amulet
  5792 | D:6      | Reached XP level 8. HP: 60/60 MP: 8/8
  5893 | D:6      | Found an opulent altar of Gozag.
  5919 | D:6      | Identified the amulet "Irisen" {Harm *Drain rN+ Dex+4} (You
                  | found it on level 5 of the Dungeon)
  5924 | D:6      | Found a staircase to the Ecumenical Temple.
  5935 | Temple   | Entered the Ecumenical Temple
  6071 | Temple   | Became a worshipper of Warmaster Okawaru
  6898 | D:6      | Reached skill level 6 in Shields
  6976 | D:7      | Reached skill level 1 in Stealth
  7153 | D:7      | Found Qopunarr's Gadget Emporium.
  7277 | D:7      | Reached * piety under Okawaru
  7330 | D:7      | Reached skill level 5 in Armour
  7377 | D:7      | Reached skill level 5 in Fighting
  7414 | D:7      | Found a runed door.
  7418 | D:7      | Noticed Crazy Yiuf
  7420 | D:7      | Killed Crazy Yiuf
  7420 | D:7      | Reached XP level 9. HP: 68/68 MP: 9/9
  7550 | D:7      | Found a bloodstained altar of Trog.
  7550 | D:7      | Found a hide-covered altar of Uskayaw.
  7846 | D:8      | Found a sparkling altar of Nemelex Xobeh.
  7877 | D:8      | Reached skill level 7 in Shields
  7953 | D:8      | Reached ** piety under Okawaru
  8015 | D:8      | You fall through a shaft for 2 floors!
  8015 | D:10     | Entered Level 10 of the Dungeon
  8040 | D:10     | Got a shimmering plate armour
  8059 | D:10     | Identified the +8 plate armour "Hanorifa" {*Corrode MP+9
                  | Stlth+} (You found it on level 10 of the Dungeon)
  8415 | D:10     | Noticed a troll
  8428 | D:10     | Killed a troll
  8473 | D:9      | Gained mutation: You are mostly covered in large bone
                  | plates. (SH +6) [demonic ancestry]
  8473 | D:9      | Reached XP level 10. HP: 62/74 MP: 10/10
  8474 | D:9      | Reached *** piety under Okawaru
  9097 | D:9      | Reached skill level 8 in Shields
  9672 | D:10     | Found Usu Cea's Jewellery Shop.
  9805 | D:10     | Reached **** piety under Okawaru
 10039 | D:11     | Got a bloodstained robe
 10050 | D:11     | Identified the +1 robe of Vanity {Int+7} (You found it on
                  | level 11 of the Dungeon)
 10155 | D:11     | Found a runed gate.
 10155 | D:11     | Found a runed gate.
 10155 | D:11     | Found a runed gate.
 10156 | D:11     | Noticed an 11-headed hydra
 10156 | D:11     | Noticed namelastname112's ghost (journeyman DrAs)
 10157 | D:11     | Noticed a 12-headed hydra
 10190 | D:11     | Found a staircase to the Lair.
 10191 | D:11     | Noticed a purple ugly thing
 10202 | D:11     | Killed a purple ugly thing
 10202 | D:11     | Reached skill level 9 in Shields
 10207 | D:11     | Reached ***** piety under Okawaru
 10318 | D:11     | Noticed a death knight
 10349 | D:10     | Reached XP level 11. HP: 45/83 MP: 11/11
 10590 | D:11     | Noticed a skeletal warrior
 10599 | D:10     | Reached skill level 10 in Axes
 11240 | D:10     | Killed a death knight
 11490 | D:11     | Killed a skeletal warrior
 11490 | D:11     | Reached skill level 1 in Invocations
 11502 | D:11     | Received a gift from Okawaru
 11779 | D:5      | Killed bli's ghost
 12018 | D:12     | Found a staircase to the Orcish Mines.
 12027 | D:12     | Found Pehesuun's Armour Shop.
 12105 | D:12     | Found a labyrinth entrance.
 12132 | Lab      | Entered a labyrinth
 12356 | Lab      | Noticed a minotaur
 12379 | Lab      | Killed a minotaur
 12379 | Lab      | Received a gift from Okawaru
 12620 | Lab      | Got a crystal dagger
 12714 | D:12     | Noticed Nessos
 12723 | D:12     | Killed Nessos
 12723 | D:12     | Reached skill level 10 in Shields
 13039 | D:12     | Gained mutation: You are completely covered in large bone
                  | plates. (SH +8) [demonic ancestry]
 13039 | D:12     | Reached XP level 12. HP: 92/92 MP: 14/14
 13451 | Orc:1    | Entered Level 1 of the Orcish Mines
 13830 | D:12     | Paralysed by an orc sorcerer for 3 turns
 13850 | D:12     | Paralysed by an orc sorcerer for 2 turns
 14381 | Orc:1    | Identified the +6 dagger of Tender Mercy {pain, *Corrode
                  | rPois rN++ SInv} (You found it in a labyrinth)
 14633 | Orc:2    | Entered Level 2 of the Orcish Mines
 15043 | Orc:2    | Found a staircase to the Elven Halls.
 15050 | Orc:2    | Found Zatofeuj's Book Boutique.
 15054 | Orc:2    | Noticed a two-headed ogre
 15054 | Orc:2    | Noticed a two-headed ogre
 15055 | Orc:2    | Found Fiapn's Gadget Shop.
 15055 | Orc:2    | Noticed an ogre mage
 15055 | Orc:2    | Noticed a two-headed ogre
 15088 | Orc:1    | Killed an ogre mage
 15088 | Orc:1    | Reached skill level 11 in Shields
 15382 | Orc:1    | Killed a two-headed ogre
 15382 | Orc:1    | Received a gift from Okawaru
 15689 | Orc:2    | Killed a two-headed ogre
 15809 | Orc:2    | Noticed a two-headed ogre
 15822 | Orc:2    | Killed a two-headed ogre
 15822 | Orc:2    | Reached ****** piety under Okawaru
 15916 | Orc:2    | Noticed a two-headed ogre
 15928 | Orc:2    | Killed a two-headed ogre
 15928 | Orc:2    | Gained mutation: You have razor-sharp toenails. [demonic
                  | ancestry]
 15928 | Orc:2    | Reached XP level 13. HP: 99/99 MP: 15/15
 16025 | Orc:2    | Found Tosiceur's General Store.
 16034 | Orc:2    | Found Tymeroc's Book Boutique.
 16538 | Orc:2    | Bought a +0 large shield for 54 gold pieces
 16538 | Orc:2    | Bought a scroll of teleportation for 36 gold pieces
 16677 | Lair:1   | Entered Level 1 of the Lair of Beasts
 16963 | Lair:1   | Reached skill level 12 in Shields
 17039 | Lair:1   | Got a smoking halberd
 17382 | Lair:1   | Received a gift from Okawaru
 17590 | Lair:1   | Noticed Sonja
 17608 | Lair:1   | Killed Sonja
 18393 | Lair:2   | Found a staircase to the Shoals.
 18912 | Lair:2   | You fall through a shaft for 2 floors!
 19640 | Lair:3   | Found a hole to the Spider Nest.
 19901 | Lair:4   | Found a stormy altar of Qazlal.
 19989 | Lair:4   | Reached skill level 13 in Shields
 20308 | Lair:4   | Gained mutation: You regenerate a little health from kills.
                  | [demonic ancestry]
 20308 | Lair:4   | Reached XP level 14. HP: 108/108 MP: 16/16
 21014 | Lair:5   | Found a staircase to the Slime Pits.
 21029 | Lair:5   | Received a gift from Okawaru
 21629 | Lair:6   | Entered Level 6 of the Lair of Beasts
 21941 | Lair:6   | Reached skill level 10 in Fighting
 22182 | Lair:6   | Noticed Kirke
 22200 | Lair:6   | Killed Kirke
 23191 | Lair:6   | Found a burning altar of Makhleb.
 23471 | Lair:6   | Found a gateway to Hell.
 24015 | D:9      | Reached skill level 14 in Shields
 24425 | D:10     | Killed namelastname112's ghost
 24539 | D:13     | Found a gate to the Vaults.
 24565 | D:13     | Received a gift from Okawaru
 24679 | D:13     | Found Purph's Jewellery Shop.
 25563 | D:14     | Reached XP level 15. HP: 117/117 MP: 18/18
 25618 | D:14     | Noticed Rupert
 25630 | D:14     | Was placed under penance by Okawaru
 25660 | D:14     | Killed Rupert
 25683 | D:14     | Found an ancient bone altar of Kikubaaqudgha.
 26249 | D:15     | Entered Level 15 of the Dungeon
 26387 | D:15     | Found an ornate altar of the Wu Jian Council.
 26388 | D:15     | Found a sparkling altar of Nemelex Xobeh.
 26388 | D:15     | Found a bloodstained altar of Trog.
 26503 | D:15     | Noticed a fire giant
 26503 | D:15     | Noticed a fire giant
 26515 | D:15     | Killed a fire giant
 26526 | D:15     | Killed a fire giant
 26601 | D:15     | Noticed a deep elf blademaster
 26601 | D:15     | Noticed a fire giant
 26601 | D:15     | Noticed a fire giant
 26617 | D:15     | Was forgiven by Okawaru
 27321 | D:15     | Killed a fire giant
 27571 | D:15     | Reached skill level 15 in Shields
 27704 | D:15     | Received a gift from Okawaru
 27727 | D:15     | Got an opal-encrusted plate armour {god gift}
 27738 | D:15     | Identified the +2 plate armour of the Dwarven Hall {rElec
                  | MR+ Str-3} (Okawaru gifted it to you on level 15 of the
                  | Dungeon)
 28332 | D:15     | Noticed a storm dragon
 28338 | D:15     | Killed from afar by a storm dragon

Vault maps used:
D:1:      evilmike_arrival_plus, minmay_hexomino_f4
D:2:      kennysheep_big_flooded_room, chequers_ecumenical_altar_island,
          minivault_14
D:3:      kb_forest_paths, portal_sewer_entry_f, uniq_sigmund
D:4:      hangedman_abyss_or_decor_lesser_grid, grunt_ministairs_5,
          uniq_blork_the_orc
D:5:      kennysheep_slugbush, first_ration, gammafunk_ghost_icy,
          grunt_decor_arrowhead, minmay_gold_behind_fungi
D:6:      lemuel_round_altar, minmay_temple_entry_butterflies, serial_aquarium,
          aquarium_bridge_straight, aquarium_window_1, aquarium_window_fake,
          aquarium_view_2f, aquarium_view_2e, aquarium_balcony_3a,
          aquarium_pool_S, hex_medium
D:7:      gammafunk_temple_overflow_wave, serial_shops, shop,
          uniq_crazy_yiuf_cottage
D:8:      nemelex_xobeh_ov_fountains_minmay
D:10:     serial_shops, shop, grunt_livestock
D:11:     lair_entry_dummy, gammafunk_ghost_hydra_chop
D:12:     orc_david_3, lab_entry_generic, uniq_nessos
D:13:     lightli_vaults_fourway_checkpoint, serial_shops, shop
D:14:     roderic_lattice_octagonal_star, lemuel_hellish_altar, uniq_rupert
D:15:     hangedman_slaughterboxes
Temple:   dpeg_five_rooms_temple
Lair:1:   roderic_batcave, beast_lair_carwin_1, uniq_sonja
Lair:2:   minmay_shoals_entry_lonely_mermaid, minivault_26,
          serial_bayou_crossing
Lair:3:   spider_nest_entry_web_field, st_stairs_5, minivault_27,
          cheibrodos_lair_caveside_slide
Lair:4:   lemuel_oklob_altar, infiniplex_staircase_pool, grunt_megastairs_2,
          lemuel_fruit_tree
Lair:5:   statuecave_lemuel, slime_dummy, kennysheep_rathole
Lair:6:   evil_forest, serial_bayou_lagoon_b, grunt_megastairs_5, uniq_kirke
Orc:2:    st_orc_open
Lab:      labyrinth_hidden_loot
Sewer:    sewer_kobolds

Skill      XL: |  1  2  3  4  5  6  7  8  9 10 11 12 13 14 15 |
---------------+----------------------------------------------+-----
Armour         | 3 4 5 6 7 8 9 |  9.9
Axes           | 2 3 4 5 6 7 9 11 12 13 14 | 14.3
Shields        | 3 4 5 6 7 9 10 11 13 14 15 | 15.3
Dodging        | 1 2 3 4 |  4.3
Fighting       | 4 5 6 7 8 9 10 11 | 11.1
Stealth        | 1 2 3 |  3.8
Invocations    | 2 3 4 |  4.6
Long Blades    | |  0.1

Action                   |  1- 3 |  4- 6 |  7- 9 | 10-12 | 13-15 || total
-------------------------+-------+-------+-------+-------+-------++-------
Melee: War axe           |   171 |   309 |    53 |       |       ||   533
       Kick              |       |    63 |    79 |   127 |       ||   269
       Hand axe          |       |       |   146 |   777 |  1569 ||  2492
       Scimitar          |       |       |       |       |     5 ||     5
Invok: Heroism           |       |       |       |     8 |    20 ||    28
       Finesse           |       |       |       |     2 |     6 ||     8
  Use: Scroll            |       |    10 |     2 |     5 |     6 ||    23
       Potion            |       |     1 |       |       |       ||     1
 Stab: Distracted        |       |     1 |     1 |     3 |    15 ||    20
       Petrified         |       |       |       |       |     1 ||     1
  Eat: Chunk             |     2 |    12 |     8 |    17 |    38 ||    77
       Ration            |       |       |     1 |     2 |     1 ||     4
Armor: Scale mail        |    84 |       |       |       |       ||    84
       Plate armour      |       |   231 |    15 |   323 |   632 ||  1201
       Ring mail         |       |       |    31 |       |       ||    31
       Skin              |       |       |       |     1 |       ||     1
Dodge: Dodged            |    50 |    39 |    33 |   105 |   227 ||   454
Block: Shield            |   112 |   288 |   128 |   742 |    84 ||  1354
       Reflection        |       |       |       |    16 |    70 ||    86
       Large shield      |       |       |       |       |  1523 ||  1523

Table legend:
 A = Non-vault XP
 B = Vault XP
 C = Vault XP percentage of total XP
 D = Non-vault monster count
 E = Vault monster count
 F = Vault count percentage of total count
                 A         B        C        D         E       F
            +---------+---------+-------+---------+---------+-------
      Total |   58354 |   76122 |  56.6 |     541 |     247 |  31.3
            +---------+---------+-------+---------+---------+-------
        D:1 |      61 |       5 |   7.6 |      36 |       3 |   7.7
        D:2 |      72 |       3 |   4.0 |      15 |       2 |  11.8
        D:3 |      64 |     178 |  73.6 |      25 |      11 |  30.6
        D:4 |     105 |      99 |  48.5 |       8 |       1 |  11.1
        D:5 |     655 |     267 |  29.0 |      14 |      14 |  50.0
        D:6 |     688 |       0 |   0.0 |      18 |       0 |   0.0
        D:7 |    1097 |      39 |   3.4 |      30 |       1 |   3.2
        D:8 |     966 |       0 |   0.0 |      31 |       0 |   0.0
        D:9 |    2576 |     967 |  27.3 |      27 |       1 |   3.6
       D:10 |    4190 |    2862 |  40.6 |      42 |       7 |  14.3
       D:11 |    3520 |       0 |   0.0 |      22 |       0 |   0.0
       D:12 |    8505 |    1572 |  15.6 |      61 |       9 |  12.9
       D:13 |    1726 |    4859 |  73.8 |      11 |      12 |  52.2
       D:14 |    4208 |    2949 |  41.2 |      28 |       1 |   3.4
       D:15 |       0 |   27607 | 100.0 |       0 |      68 | 100.0
     Lair:1 |    3944 |    2412 |  37.9 |      14 |      17 |  54.8
     Lair:2 |    4294 |     365 |   7.8 |      22 |       1 |   4.3
     Lair:3 |    3998 |     442 |  10.0 |      18 |       2 |  10.0
     Lair:4 |    4516 |     999 |  18.1 |      19 |       3 |  13.6
     Lair:5 |    6499 |     154 |   2.3 |      35 |      10 |  22.2
     Lair:6 |    3521 |   13970 |  79.9 |      10 |      33 |  76.7
      Orc:1 |    1947 |    4667 |  70.6 |      30 |      11 |  26.8
      Orc:2 |    1202 |    9690 |  89.0 |      25 |      26 |  51.0
        Lab |       0 |    1931 | 100.0 |       0 |       3 | 100.0
      Sewer |       0 |      85 | 100.0 |       0 |      11 | 100.0
            +---------+---------+-------+---------+---------+-------
